AoeStats
← Chor1z0

Runestones

508290805Analyzed
1v1 RM · 10d ago on Sep 21, 2026· 46m 48s· 2 players
Game mode
Random Map
Map size
Tiny (2 player)
Population
200
Speed
Normal
Resources
Standard
Victory
Conquest
Starting age
Dark Age
Ending age
Imperial Age
RankedLock teamsTeams togetherTeam positionsShared explorationLock speedFull tech treeHidden civsTurbo modeCheats
Victory
Defeat
🇨🇦 Franks · Canada
823
+15
🇦🇷 Mongols · Argentina
792
-15
Chor1z0
10:08 Loom
12:39 Feudal Age
14:07 Bloodlines
17:51 Double-Bit Axe
21:15 Castle Age
23:48 Gold Mining
25:41 Padded Archer Armor
29:14 Ballistics
31:43 Scale Barding Armor
31:49 Forging
34:52 Stone Mining
38:26 Wheelbarrow
38:18 Town Watch
38:27 Fletching
48:42 Imperial Age
prplprst
0:27 Loom
12:25 Feudal Age
17:44 Castle Age
17:47 Scale Mail Armor
19:10 Forging
20:01 Husbandry
22:11 Squires
22:20 Pikeman
28:22 Fletching
28:43 Stone Mining
30:31 Bodkin Arrow
30:32 Double-Bit Axe
32:01 Wheelbarrow
33:53 Murder Holes
35:50 Hand Cart
38:03 Arson
38:21 Town Watch
38:54 Gold Mining
42:03 #83
42:42 Bow Saw
44:07 Iron Casting
43:48 Chain Mail Armor
44:49 Gold Shaft Mining
45:42 Ballistics
Connection lost

Rejoining the realm…

Still unreachable

The connection could not be restored.

Session expired

The server has moved on; the page needs a fresh start.